 Dungeon Crawl Stone Soup version 0.21.1-1-g345015f (webtiles) character file.

1326 tidbits the Grave Robber (level 8, 33/58 HPs)
             Began as a Gnoll Necromancer on June 29, 2018.
             Quit the game in the Ecumenical Temple.
             The game lasted 00:13:49 (1166 turns).

tidbits the Grave Robber (Gnoll Necromancer)        Turns: 1166, Time: 00:13:49

Health: 33/58      AC:  5    Str: 14    XL:     8   Next: 60%
Magic:  13/17      EV: 17    Int: 20    God:
Gold:   75         SH:  0    Dex: 23    Spells: 11/19 levels left

rFire    . . .     SeeInvis .   x - +4 morningstar (freeze)
rCold    . . .     Gourm    .   (no shield)
rNeg     . . .     Faith    .   f - +0 robe
rPois    .         Spirit   .   (no helmet)
rElec    +         Reflect  .   C - +2 cloak of Ginwen {rElec Str+4 Dex+5}
rCorr    .         Harm     .   (no gloves)
MR       .....                  (no boots)
Stlth    ++++......             (no amulet)
HPRegen  0.19/turn              t - +2 ring of dexterity
MPRegen  0.15/turn              (no ring)

@: no status effects
A: distributed training, fangs 1, strong nose
a: no special abilities


You were in the Ecumenical Temple.
You were not hungry.

You visited 2 branches of the dungeon, and saw 8 of its levels.

You collected 75 gold pieces.

Inventory:

Hand Weapons
 a - a +0 short sword of electrocution
   (You took it off Duvessa on level 4 of the Dungeon)
 b - a +0 flail
 d - a +0 mace
 e - a +0 dagger
 i - a +0 dagger of draining
   (You took it off an orc priest on level 4 of the Dungeon)
 q - a +1 whip of holy wrath
   (You took it off a gnoll on level 5 of the Dungeon)
 x - a +4 morningstar of freezing (weapon)
   (You took it off a wight on level 6 of the Dungeon)
 y - a cursed +4 scimitar
Missiles
 v - 20 arrows
 z - 2 tomahawks (quivered)
Armour
 f - a +0 robe (worn)
 C - the +2 cloak of Ginwen (worn) {rElec Str+4 Dex+5}
   (You found it on level 5 of the Dungeon)

   It affects your strength (+4).
   It affects your dexterity (+5).
   It insulates you from electricity.
Jewellery
 t - a +2 ring of dexterity (left hand)
   (You found it on level 5 of the Dungeon)
Wands
 u - a wand of disintegration (8)
Scrolls
 h - 2 scrolls of enchant armour
 j - a scroll of teleportation
 l - 2 scrolls of random uselessness
 m - a scroll of immolation
 n - a scroll of enchant weapon {unknown}
 o - a scroll of remove curse {unknown}
 A - a scroll of amnesia {unknown}
Potions
 g - a potion of cancellation
 p - 2 potions of curing {unknown}
 s - a potion of degeneration {unknown}
 w - a potion of lignification {unknown}
Books
 k - a book of Necromancy

   Spells                             Type                      Level
   a - Pain                           Necromancy                   1
   b - Animate Skeleton               Necromancy                   1
   c - Vampiric Draining              Necromancy                   3
   d - Regeneration                   Charms/Necromancy            3
   e - Animate Dead                   Necromancy                   4
   f - Borgnjor's Vile Clutch         Necromancy/Earth             5
 r - a book of Misfortune
   (You found it on level 5 of the Dungeon)

   Spells                             Type                      Level
   a - Confusing Touch                Hexes                        1
   b - Confuse                        Hexes                        3
   c - Gell's Gravitas                Translocation                3
   d - Petrify                        Transmutation/Earth          4
   e - Metabolic Englaciation         Hexes/Ice                    5
   f - Yara's Violent Unravelling     Hexes/Transmutation          5
Comestibles
 c - 5 rations


   Skills:
 + Level 3.3 Fighting
 + Level 3.3 Short Blades
 + Level 3.3 Long Blades
 + Level 3.3 Axes
 + Level 3.3 Maces & Flails
 + Level 3.3 Polearms
 + Level 3.3 Staves
 + Level 3.3 Slings
 + Level 3.3 Bows
 + Level 3.3 Crossbows
 + Level 3.3 Throwing
 + Level 3.3 Armour
 + Level 5.7 Dodging
 + Level 5.4 Stealth
 + Level 3.3 Shields
 + Level 3.3 Unarmed Combat
 + Level 6.1 Spellcasting
 + Level 2.7 Conjurations
 + Level 2.7 Hexes
 + Level 2.7 Charms
 + Level 2.7 Summonings
 + Level 7.7 Necromancy
 + Level 2.7 Translocations
 + Level 2.7 Transmutations
 + Level 2.7 Fire Magic
 + Level 2.7 Ice Magic
 + Level 2.7 Air Magic
 + Level 2.7 Earth Magic
 + Level 2.7 Poison Magic
 + Level 3.7 Invocations
 + Level 3.3 Evocations


You had 11 spell levels left.
You knew the following spells:

 Your Spells              Type           Power        Failure   Level  Hunger
a - Pain                  Necr           ####         1%          1    None
d - Vampiric Draining     Necr           #####.....   1%          3    ##.....
n - Animate Skeleton      Necr           N/A          1%          1    None
r - Regeneration          Chrm/Necr      ####......   3%          3    ##.....


Dungeon Overview and Level Annotations

Branches:
Dungeon (7/15)             Temple (1/1) D:6

Altars:
Ashenzari
Fedhas
Gozag
Hepliaklqana
Kikubaaqudgha
Nemelex Xobeh
Ru
Sif Muna
Uskayaw
Vehumet
Yredelemnul
Zin
The Shining One


Innate Abilities, Weirdness & Mutations

Your experience applies equally to all skills.
You have very sharp teeth.
Your uncanny sense of smell can sniff out nearby items.


Message History

You kill the gnoll!
The gnoll misses you.
You hit the gnoll. You freeze the gnoll.
You kill the gnoll!
The gnoll hits you from afar with a halberd!
The gnoll completely misses you. The gnoll closely misses you.
The gnoll hits you but does no damage.
Things that are here:
a spear; a gnoll corpse You closely miss the gnoll.
The gnoll is almost dead.
The gnoll hits you with a halberd! The gnoll misses you.
You hit the gnoll. You freeze the gnoll.
You kill the gnoll!
The gnoll hits you with a halberd. The gnoll hits you with a halberd!
* * * LOW HITPOINT WARNING * * *
Casting: Regeneration
Confirm with . or Enter, or press ? or * to list all spells.
Aiming: Pain
Press: ? - help, Shift-Dir - straight line, f - gnoll
Aim: a gnoll, wielding a halberd (chance to defeat MR: 89%)
The gnoll writhes in agony!
Casting: Pain
Confirm with . or Enter, or press ? or * to list all spells.
Aiming: Vampiric Draining
Press: ? - help, Shift-Dir - straight line, f/p - gnoll
Aim: a gnoll, wielding a halberd (moderately wounded)
The gnoll is severely wounded.
You feel life coursing into your body. The gnoll misses you.
Casting: Vampiric Draining
Confirm with . or Enter, or press ? or * to list all spells.
Aiming: Vampiric Draining
Press: ? - help, Shift-Dir - straight line, f/p - gnoll
Aim: a gnoll, wielding a halberd (severely wounded)
Okay, then.
You barely miss the gnoll.
The gnoll is severely wounded.
The gnoll closely misses you.
You closely miss the gnoll.
The gnoll is severely wounded.
The gnoll hits you with a halberd!
* * * LOW HITPOINT WARNING * * *
The gnoll closely misses you.
You bludgeon the gnoll!! You freeze the gnoll.
You kill the gnoll!
Your skin is crawling a little less now.
You butcher the gnoll corpse.
Things that are here:
a spear; 4 chunks of flesh Eat one of 4 chunks of flesh? (ye/n/q)
You eat one of the 4 chunks of flesh.
This raw flesh tastes terrible.
You see here a halberd.
Your skin stops crawling.
An orc priest comes into view. It is wielding a flail.
An orc wizard comes into view. It is wielding a dagger.
Found a staircase to the Ecumenical Temple.
Evoke which item? (* to show all) (? for menu, Esc to quit)
Aiming: Disintegrate
Press: ? - help, Shift-Dir - straight line, f - orc priest
Aim: an orc priest, wielding a flail (resting, chance to defeat MR: 78%)
The orc priest shouts!
The orc priest barely resists.
The orc wizard shouts!
You hear a shout!
Evoke which item? (* to show all) (? for menu, Esc to quit)
Aiming: Disintegrate
Press: ? - help, Shift-Dir - straight line, f/p - orc priest
Aim: an orc priest, wielding a flail (chance to defeat MR: 78%)
The orc priest is blasted.
You blow up the orc priest!
Unknown command.
Evoke which item? (* to show all) (? for menu, Esc to quit)
Aiming: Disintegrate
Press: ? - help, Shift-Dir - straight line, f - orc wizard
Aim: an orc wizard, wielding a dagger and wearing a robe (chance to defeat MR: 78%)
The orc wizard is blasted.
You blow up the orc wizard!
An orc comes into view. It is wielding a whip.
An orc comes into view. It is wielding a dagger.
Evoke which item? (* to show all) (? for menu, Esc to quit)
Aiming: Disintegrate
Press: ? - help, Shift-Dir - straight line, f - orc
Aim: an orc, wielding a whip (chance to defeat MR: 89%)
The orc is blasted.
You blow up the orc!
Evoke which item? (* to show all) (? for menu, Esc to quit)
Aiming: Disintegrate
Press: ? - help, Shift-Dir - straight line, f - orc
Aim: an orc, wielding a dagger and wearing a leather armour (chance to defeat MR: 89%)
The orc is blasted.
You blow up the orc!
There is a staircase to the Ecumenical Temple here.
You climb downwards.
Welcome to the Ecumenical Temple!
There is a staircase back to the Dungeon here.
Found three altars.
Found four altars.
Found three altars.
Found a glowing golden altar of the Shining One.
There is a hazy altar of Hepliaklqana here.
Found a basalt altar of Yredelemnul.
Are you sure you want to abandon this character and quit the game? (Confirm with "yes".)

≈≈≈≈≈≈≈≈≈≈≈≈≈≈≈
≈≈≈≈≈≈≈≈≈≈≈≈≈≈≈≈
≈≈≈≈≈≈≈≈≈≈≈≈≈≈≈≈≈
≈≈≈≈≈≈≈≈≈≈≈≈≈≈≈≈≈≈
≈≈≈≈≈≈≈≈≈≈≈≈≈≈≈≈≈≈≈
≈≈≈≈≈≈≈≈≈≈≈≈≈≈≈≈≈≈≈
≈.................≈
..._....._.@..._...
._..._._..._._..._.
..._....._....._...
≈.................≈
≈≈≈≈≈≈≈.....≈≈≈≈≈≈≈
≈≈≈≈≈≈≈≈...≈≈≈≈≈≈≈≈
≈≈≈≈≈≈≈≈...≈≈≈≈≈≈≈≈
≈≈≈≈≈≈≈≈...≈≈≈≈≈≈≈≈
≈≈≈≈≈≈≈≈...≈≈≈≈≈≈≈


There were no monsters in sight!

Vanquished Creatures
  Grinder (D:6)
  Duvessa (D:4)
  A black bear (D:6)
  A centaur (D:6)
  A bullfrog (D:6)
  Dowan (D:4)
  A scorpion (D:4)
  A howler monkey (D:6)
  5 wights (D:6)
  A crimson imp (D:6)
  2 orc priests
  A jelly (D:5)
  4 orc wizards
  A worker ant (D:4)
  A hound skeleton (D:4)
  8 gnolls
  3 adders
  An ooze (D:4)
  4 leopard geckos
  9 orcs
  5 bats
  6 giant cockroaches
  3 goblins
  5 hobgoblins
  4 jackals (D:5)
  2 kobolds
  A quokka (D:5)
  A frilled lizard (D:2)
  4 rats
79 creatures vanquished.

Notes
Turn   | Place    | Note
-------+----------+-------------------------------------------
     0 | D:1      | tidbits the Gnoll Necromancer began the quest for the Orb.
     0 | D:1      | Reached XP level 1. HP: 13/13 MP: 6/6
    50 | D:1      | Reached XP level 2. HP: 10/19 MP: 0/7
    54 | D:1      | Learned a level 1 spell: Animate Skeleton
    98 | D:1      | HP: 2/20 [goblin/dagger (3)]
   262 | D:2      | Reached XP level 3. HP: 5/25 MP: 6/9
   267 | D:2      | Learned a level 3 spell: Regeneration
   272 | D:2      | Learned a level 3 spell: Vampiric Draining
   295 | D:3      | Found a radiant altar of Vehumet.
   306 | D:4      | Reached skill level 1 in Fighting
   306 | D:4      | Reached skill level 1 in Short Blades
   306 | D:4      | Reached skill level 1 in Long Blades
   306 | D:4      | Reached skill level 1 in Axes
   306 | D:4      | Reached skill level 1 in Maces & Flails
   306 | D:4      | Reached skill level 1 in Polearms
   306 | D:4      | Reached skill level 1 in Staves
   306 | D:4      | Reached skill level 1 in Slings
   306 | D:4      | Reached skill level 1 in Bows
   306 | D:4      | Reached skill level 1 in Crossbows
   306 | D:4      | Reached skill level 1 in Throwing
   306 | D:4      | Reached skill level 1 in Armour
   306 | D:4      | Reached skill level 1 in Shields
   306 | D:4      | Reached skill level 1 in Unarmed Combat
   306 | D:4      | Reached skill level 5 in Spellcasting
   306 | D:4      | Reached skill level 1 in Invocations
   306 | D:4      | Reached skill level 1 in Evocations
   307 | D:4      | Reached XP level 4. HP: 19/32 MP: 7/11
   392 | D:4      | Reached skill level 1 in Conjurations
   392 | D:4      | Reached skill level 1 in Hexes
   392 | D:4      | Reached skill level 1 in Charms
   392 | D:4      | Reached skill level 1 in Summonings
   392 | D:4      | Reached skill level 1 in Translocations
   392 | D:4      | Reached skill level 1 in Transmutations
   392 | D:4      | Reached skill level 1 in Fire Magic
   392 | D:4      | Reached skill level 1 in Ice Magic
   392 | D:4      | Reached skill level 1 in Air Magic
   392 | D:4      | Reached skill level 1 in Earth Magic
   392 | D:4      | Reached skill level 1 in Poison Magic
   392 | D:4      | Reached XP level 5. HP: 29/37 MP: 6/12
   664 | D:5      | Entered Level 5 of the Dungeon
   688 | D:5      | Got a blackened cloak
   694 | D:5      | Identified the +2 cloak of Ginwen {rElec Str+4 Dex+5} (You found it on level 5 of the Dungeon)
   729 | D:5      | Noticed a phantom
   770 | D:4      | Noticed Dowan
   770 | D:4      | Noticed Duvessa
   784 | D:4      | Killed Duvessa
   784 | D:4      | Reached skill level 5 in Dodging
   784 | D:4      | Reached skill level 2 in Invocations
   784 | D:4      | Reached XP level 6. HP: 16/44 MP: 5/14
   787 | D:4      | Killed Dowan
   787 | D:4      | Reached skill level 2 in Fighting
   787 | D:4      | Reached skill level 2 in Short Blades
   787 | D:4      | Reached skill level 2 in Long Blades
   787 | D:4      | Reached skill level 2 in Axes
   787 | D:4      | Reached skill level 2 in Maces & Flails
   787 | D:4      | Reached skill level 2 in Polearms
   787 | D:4      | Reached skill level 2 in Staves
   787 | D:4      | Reached skill level 2 in Slings
   787 | D:4      | Reached skill level 2 in Bows
   787 | D:4      | Reached skill level 2 in Crossbows
   787 | D:4      | Reached skill level 2 in Throwing
   787 | D:4      | Reached skill level 2 in Armour
   787 | D:4      | Reached skill level 2 in Shields
   787 | D:4      | Reached skill level 2 in Unarmed Combat
   787 | D:4      | Reached skill level 2 in Evocations
   846 | D:5      | Reached XP level 7. HP: 32/50 MP: 8/15
   961 | D:6      | Noticed Grinder
   962 | D:6      | Paralysed by Grinder for 4 turns
   969 | D:6      | Killed Grinder
   969 | D:6      | Reached skill level 5 in Stealth
   969 | D:6      | Reached skill level 2 in Conjurations
   969 | D:6      | Reached skill level 2 in Hexes
   969 | D:6      | Reached skill level 2 in Charms
   969 | D:6      | Reached skill level 2 in Summonings
   969 | D:6      | Reached skill level 2 in Translocations
   969 | D:6      | Reached skill level 2 in Transmutations
   969 | D:6      | Reached skill level 2 in Fire Magic
   969 | D:6      | Reached skill level 2 in Ice Magic
   969 | D:6      | Reached skill level 2 in Air Magic
   969 | D:6      | Reached skill level 2 in Earth Magic
   969 | D:6      | Reached skill level 2 in Poison Magic
   969 | D:6      | Reached skill level 3 in Invocations
   981 | D:6      | Reached XP level 8. HP: 31/57 MP: 13/16
  1025 | D:5      | Reached skill level 3 in Fighting
  1025 | D:5      | Reached skill level 3 in Short Blades
  1025 | D:5      | Reached skill level 3 in Long Blades
  1025 | D:5      | Reached skill level 3 in Axes
  1025 | D:5      | Reached skill level 3 in Maces & Flails
  1025 | D:5      | Reached skill level 3 in Polearms
  1025 | D:5      | Reached skill level 3 in Staves
  1025 | D:5      | Reached skill level 3 in Slings
  1025 | D:5      | Reached skill level 3 in Bows
  1025 | D:5      | Reached skill level 3 in Crossbows
  1025 | D:5      | Reached skill level 3 in Throwing
  1025 | D:5      | Reached skill level 3 in Armour
  1025 | D:5      | Reached skill level 3 in Shields
  1025 | D:5      | Reached skill level 3 in Unarmed Combat
  1025 | D:5      | Reached skill level 3 in Evocations
  1079 | D:6      | Reached skill level 6 in Spellcasting
  1131 | D:6      | Found a staircase to the Ecumenical Temple.
  1145 | Temple   | Entered the Ecumenical Temple
  1166 | Temple   | Quit the game

Skill      XL: |  1  2  3  4  5  6  7  8 |
---------------+-------------------------+-----
Fighting       | 1 2 3 |  3.3
Short Blades   | 1 2 3 |  3.3
Long Blades    | 1 2 3 |  3.3
Axes           | 1 2 3 |  3.3
Maces & Flails | 1 2 3 |  3.3
Polearms       | 1 2 3 |  3.3
Staves         | 1 2 3 |  3.3
Slings         | 1 2 3 |  3.3
Bows           | 1 2 3 |  3.3
Crossbows      | 1 2 3 |  3.3
Throwing       | 1 2 3 |  3.3
Armour         | 1 2 3 |  3.3
Shields        | 1 2 3 |  3.3
Unarmed Combat | 1 2 3 |  3.3
Spellcasting   | 5 6 |  6.1
Invocations    | 1 2 3 |  3.7
Evocations     | 1 2 3 |  3.3
Conjurations   | 1 2 |  2.7
Hexes          | 1 2 |  2.7
Charms         | 1 2 |  2.7
Summonings     | 1 2 |  2.7
Translocations | 1 2 |  2.7
Transmutations | 1 2 |  2.7
Fire Magic     | 1 2 |  2.7
Ice Magic      | 1 2 |  2.7
Air Magic      | 1 2 |  2.7
Earth Magic    | 1 2 |  2.7
Poison Magic   | 1 2 |  2.7
Dodging        | 5 |  5.7
Stealth        | 5 |  5.4
Necromancy     | |  7.7

Action                   |  1- 3 |  4- 6 |  7- 9 || total
-------------------------+-------+-------+-------++-------
Melee: Mace              |     8 |       |       ||     8
       Dagger            |     3 |    32 |       ||    35
       Bite              |     1 |     4 |     7 ||    12
       Flail             |       |     7 |       ||     7
       Whip              |       |     2 |       ||     2
       Short sword       |       |     8 |    30 ||    38
       Morningstar       |       |       |     7 ||     7
       Punch             |       |       |     1 ||     1
 Cast: Pain              |    28 |    31 |    15 ||    74
       Regeneration      |     1 |     4 |     6 ||    11
       Vampiric Draining |       |       |     1 ||     1
Evoke: Wand              |       |       |    19 ||    19
  Use: Scroll            |     2 |     6 |       ||     8
       Potion            |       |     1 |       ||     1
 Stab: Sleeping          |     3 |     5 |     2 ||    10
       Distracted        |       |     1 |       ||     1
  Eat: Chunk             |       |       |     2 ||     2
Armor: Robe              |     4 |     7 |    17 ||    28
Dodge: Dodged            |     7 |    34 |    50 ||    91

Table legend:
 A = Turns spent in this place as a percentage of turns spent in the entire game.
 B = Non-inter-level travel turns spent in this place as a percentage of non-inter-level travel turns spent in the entire game.
 C = Inter-level travel turns spent in this place as a percentage of turns spent in this place.
 D = Turns resting spent in this place as a percentage of non-inter-level travel turns spent in this place.
 E = Turns spent auto-exploring this place as a percentage of non-inter-level travel turns spent in this place.
 F = Non-inter-level travel turns spent in this place divided by the number of levels of this place that you've seen.
                   A       B       C       D       E      F
               +-------+-------+-------+-------+-------+----------------------
         Total | 100.0 | 100.0 |   0.4 |   0.0 |   0.0 | 145.1
       Dungeon |  98.2 |  98.2 |   0.4 |   0.0 |   0.0 | 162.9
        Temple |   1.8 |   1.8 |   0.0 |   0.0 |   0.0 |  21.0
               +-------+-------+-------+-------+-------+----------------------

Table legend:
 A = Kills in this place as a percentage of kills in entire the game.
 B = Kills by you in this place as a percentage of kills by you in the entire game.
 C = Kills by friends in this place as a percentage of kills by friends in the entire game.
 D = Other kills in this place as a percentage of other kills in the entire game.
 E = Experience gained in this place as a percentage of experience gained in the entire game.
 F = Experience gained in this place divided by the number of levels of this place that you have seen.
                   A       B       C       D       E      F
               +-------+-------+-------+-------+-------+----------------------
         Total | 100.0 | 100.0 |   N/A |   N/A | 100.0 | 236.9
       Dungeon | 100.0 | 100.0 |   N/A |   N/A | 100.0 | 270.7
               +-------+-------+-------+-------+-------+----------------------

Vault maps used:
D:1:      minmay_arrival_glassed_features, minmay_split_cup_large
D:2:      old_standard_altar, elyvilon_altar_3
D:3:      trog_eyes_of_draining, fiery_altar_vehumet,
          nicolae_qazlal_style_of_elements
D:4:      uniq_duvessa
D:5:      lemuel_coloured_pillars_altar, first_ration, serial_shops, shop
D:6:      kb_xom_exploding_sheep, minmay_temple_entry_trees,
          kennysheep_decorative_pillar, uniq_grinder
D:7:      grunt_ogre_cave
Temple:   minmay_temple_bridge_abc
